Predators vs Blues
Created - March 1, 2018 at 19:02
Goals
|
| Predators |
0 |
1 |
2 |
0 |
1 |
4 |
| Blues |
0 |
3 |
0 |
0 |
0 |
3 |
|
Shots
|
| Predators |
12 |
7 |
12 |
1 |
3 |
32 |
| Blues |
6 |
19 |
6 |
3 |
3 |
34 |
|
1st period
No Goal
Penalties :
No Penalty
2nd period
1. Blues , Sergei Shirokov 12 (Victor Hedman 11, Ted Purcell 21) at 2:29 (PP)
2. Blues , Linus Omark 4 (Travis Zajac 21, Blake Wheeler 14) at 6:55
3. Blues , Nicklas Backstrom 29 (Alex Pietrangelo 49, David Perron 31) at 8:04 (PP)
4. Predators , Alexander Ovechkin 30 (Ryan Mcdonagh 23) at 9:07
Penalties :
Alexander Steen (Nas) for Interference (Minor) at 0:37, Linus Omark (STL) for Interference (Minor) at 4:48, John Moore (Nas) for Tripping (Minor) at 7:53, Yann Sauvé (STL) for Hooking (Minor) at 11:17, Alexander Steen (Nas) for Hooking (Minor) at 18:07
3rd period
5. Predators , James Van Riemsdyk 11 (Adam Burish 15, Alexander Steen 14) at 8:52
6. Predators , Andy Miele 13 (James Van Riemsdyk 13, Alexander Edler 34) at 12:12
Penalties :
Ryan Kesler (Nas) for Hooking (Minor) at 4:51, Marian Hossa (STL) for Goalie Interference (Minor) at 6:04, Marian Hossa (STL) for Hooking (Minor) at 12:25, Alex Pietrangelo (STL) for Hooking (Minor) at 15:58
Overtime #1
No Goal
Penalties :
No Penalty
Shootout
Penalty Shot by Alexander Ovechkin for Predators - Stopped by Carey Price
Penalty Shot by David Perron for Blues - Stopped by Viktor Fasth
Penalty Shot by Ryan Kesler for Predators - Goal!
Penalty Shot by Ted Purcell for Blues - Stopped by Viktor Fasth
Penalty Shot by Niclas Bergfors for Predators - Stopped by Carey Price
Penalty Shot by Marian Hossa for Blues - Stopped by Viktor Fasth
Penalties :
No Penalty
Goalie Stats
Viktor Fasth (Nas), 31 saves from 34 shots - (0.912), W, 27-17-2, 65:00 minutes
Carey Price (STL), 29 saves from 32 shots - (0.906), OTL, 23-25-5, 65:00 minutes
Players Stats for Predators
Player Name G A P +/- PIM S H SB GA TA FO MP PP MP PK MP
------------------------------------------------------------------------------------
Adam Burish 0 1 1 2 0 3 1 0 0 0 0/1 12:54 0:14 2:28
Alexander Edler 0 1 1 2 0 4 0 3 0 1 0/0 32:57 5:29 3:26
Alexander Ovechkin 1 0 1 1 0 7 1 1 1 0 7/7 22:55 4:46 0:24
Alexander Steen 0 1 1 0 4 0 3 0 0 0 0/1 12:32 0:00 0:00
Andy Miele 1 0 1 2 0 3 0 0 0 0 7/8 11:09 0:00 1:12
Barret Jackman 0 0 0 1 0 0 1 0 0 0 0/0 6:05 0:00 0:00
Brett Clark 0 0 0 0 0 0 2 0 0 0 0/0 9:51 0:00 1:49
Byron Bitz 0 0 0 -1 0 2 0 0 0 0 0/0 21:48 3:58 3:39
Chris Lawrence 0 0 0 0 0 2 0 0 0 0 0/0 7:50 0:00 0:00
Dmitri Kalinin 0 0 0 0 0 0 3 2 1 2 0/0 22:12 3:40 0:00
James Van Riemsdyk 1 1 2 1 0 2 1 1 0 0 0/0 15:13 4:09 0:00
John Moore 0 0 0 0 2 0 0 3 0 0 0/0 24:00 3:40 1:49
Justin Abdelkader 0 0 0 0 0 3 0 0 2 0 0/1 8:58 0:25 0:00
Kris Vernarsky 0 0 0 0 0 0 1 0 0 0 2/4 7:50 0:00 0:00
Mikael Granlund 0 0 0 0 0 1 1 1 1 0 7/16 17:36 5:00 0:16
Niclas Bergfors 0 0 0 1 0 1 3 0 0 0 4/4 22:24 4:46 0:00
Ryan Kesler 0 0 0 0 2 2 2 1 1 0 13/42 22:47 4:09 2:31
Ryan Mcdonagh 0 1 1 1 0 2 2 4 0 0 0/0 34:54 5:29 3:26
Players Stats for Blues
Player Name G A P +/- PIM S H SB GA TA FO MP PP MP PK MP
------------------------------------------------------------------------------------
Alex Pietrangelo 0 1 1 -2 2 8 0 1 1 1 0/0 25:53 3:29 0:31
Blake Wheeler 0 1 1 0 0 2 2 0 0 0 0/0 18:24 0:00 5:26
Bryce Lampman 0 0 0 -1 0 1 2 2 0 1 0/0 27:47 1:46 5:18
David Perron 0 1 1 -2 0 4 1 0 0 0 0/1 19:22 3:17 0:15
Derek Boogaard 0 0 0 0 0 0 2 0 0 1 0/0 7:46 0:00 0:45
Jake Gardiner 0 0 0 -1 0 0 1 1 0 0 0/0 27:13 3:29 3:43
Linus Omark 1 0 1 1 2 3 2 0 1 0 0/0 10:47 0:00 0:08
Logan Couture 0 0 0 0 0 0 0 1 1 0 3/5 12:45 0:00 2:35
Marian Hossa 0 0 0 -2 4 1 2 1 0 1 1/2 19:02 3:16 0:00
Nicklas Backstrom 1 0 1 -2 0 5 4 1 0 0 27/44 21:43 3:17 1:31
Patrick Kaleta 0 0 0 0 0 0 2 0 0 1 1/2 10:58 0:00 2:35
Sergei Shirokov 1 0 1 0 0 2 3 2 0 0 0/1 14:25 1:58 0:00
Shaone Morrisonn 0 0 0 1 0 1 0 0 0 1 0/0 14:39 0:00 5:18
Ted Purcell 0 1 1 -1 0 5 1 1 0 0 0/0 14:38 1:58 0:00
Tomas Plekanec 0 0 0 0 0 0 0 1 0 0 1/2 7:01 0:00 0:00
Travis Zajac 0 1 1 0 0 1 0 1 0 0 11/27 23:10 1:58 5:03
Victor Hedman 0 1 1 -1 0 0 0 1 0 0 0/0 18:46 1:46 0:38
Yann Sauvé 0 0 0 0 2 1 1 0 0 0 0/0 15:41 0:00 2:50
3 Stars
1 - James Van Riemsdyk (Nas)
2 - Andy Miele (Nas)
3 - Alexander Ovechkin (Nas)
Power Play
Predators - 0 on 5 Attempt(s) - 0.00%
Blues - 2 on 4 Attempt(s) - 50.00%
Penalty Kill
Predators - 2 on 4 Attempt(s) - 50.00%
- Score 0 goal in Penalty Kill
Blues - 5 on 5 Attempt(s) - 100.00%
- Score 0 goal in Penalty Kill
Team Stat
Predators - Hits : 21 - Faceoff Wins : 40 - Blocked Shots : 16 - Penalty Minutes : 8
Blues - Hits : 23 - Faceoff Wins : 44 - Blocked Shots : 13 - Penalty Minutes : 10
Official
Referees : Furlatt Eric and Pollock Kevin
Linesman : Don Henderson and Lyle Seitz
Game Notes
9:28 of 3rd period - Blues goal is going for a video replay. After video review, No Goal. The referee deems the play has been stopped, even if he had not physically had the opportunity to stop play by blowing his whistle.
Derek Boogaard is injured at 15:35 of 3rd period (Sprained Right Ankle)
Finance
Level 1 -- Attendance: 5275 (87.92%) -- Ticket Income $469,475
Level 2 -- Attendance: 4131 (82.62%) -- Ticket Income $235,467
Level 3 -- Attendance: 1902 (95.10%) -- Ticket Income $66,570
Level 4 -- Attendance: 3634 (90.85%) -- Ticket Income $87,216
Luxury Box -- Attendance: 778 (77.80%) -- Ticket Income $135,372
Game was played at the Scotttrade center.
Total Attendance: 15720 (87.33%)
Total Ticket Income: $994,100
Other Income: $149,115
Total Income: $1,143,215
Predators
5 vs 5 Forward
Center Left Wing Right Wing Time % Phy DF OF
1 Ryan Kesler Alexander Ovechkin Niclas Bergfors 40 1 2 2
2 Mikael Granlund Alexander Steen Byron Bitz 30 1 2 2
3 Andy Miele James Van Riemsdyk Adam Burish 20 2 1 2
4 Kris Vernarsky Justin Abdelkader Chris Lawrence 10 1 2 2
5 vs 5 Defense
Defense Defense Time % Phy DF OF
1 Ryan Mcdonagh Alexander Edler 40 1 2 2
2 John Moore Dmitri Kalinin 30 1 2 2
3 Ryan Mcdonagh Brett Clark 20 1 2 2
4 Barret Jackman Alexander Edler 10 1 2 2
PowerPlay Forward
Center Left Wing Right Wing Time % Phy DF OF
1 Mikael Granlund Alexander Ovechkin Niclas Bergfors 60 0 0 5
2 Ryan Kesler James Van Riemsdyk Byron Bitz 40 0 0 5
PowerPlay Defense
Defense Defense Time % Phy DF OF
1 Ryan Mcdonagh Alexander Edler 60 1 1 3
2 John Moore Dmitri Kalinin 40 0 1 3
Penalty Kill 4 Players Forward
Center Wing Time % Phy DF OF
1 Ryan Kesler Byron Bitz 60 1 2 2
2 Andy Miele Adam Burish 40 1 2 2
Penalty Kill 4 Players Defense
Defense Defense Time % Phy DF OF
1 Ryan Mcdonagh Alexander Edler 60 1 2 2
2 John Moore Brett Clark 40 1 3 1
Penalty Kill - 3 Players Forward
Forward Time % Phy DF OF
1 Byron Bitz 60 1 2 2
2 Adam Burish 40 1 2 2
Penalty Kill - 3 Players Defense
Defense Defense Time % Phy DF OF
1 Ryan Mcdonagh Alexander Edler 60 1 3 1
2 John Moore Brett Clark 40 1 3 1
4 vs 4 Forward
Center Wing Time % Phy DF OF
1 Alexander Ovechkin Niclas Bergfors 60 1 2 2
2 Ryan Kesler Byron Bitz 40 1 2 2
4 vs 4 Defense
Defense Defense Time % Phy DF OF
1 Ryan Mcdonagh Alexander Edler 60 1 2 2
2 John Moore Dmitri Kalinin 40 1 2 2
Last Minutes Offensive
Center Left Wing Right Wing Defense Defense
Ryan Kesler Alexander Ovechkin Niclas Bergfors Ryan Mcdonagh Alexander Edler
Last Minutes Defensive
Center Left Wing Right Wing Defense Defense
Ryan Kesler Adam Burish Byron Bitz Ryan Mcdonagh John Moore
Goaltenders
Starting : Viktor Fasth
Backup : Chad Johnson
Extra Forwards
Normal : James Van Riemsdyk, Justin Abdelkader, Adam Burish - PP : James Van Riemsdyk, Justin Abdelkader - PK : Adam Burish
Extra Defensemen
Normal : Brett Clark, Barret Jackman, Dmitri Kalinin - PP : Brett Clark - PK : Dmitri Kalinin, Ryan Mcdonagh
Penalty Shots
Alexander Ovechkin, Ryan Kesler, Niclas Bergfors, Andy Miele, Justin Abdelkader
Scratches
Andrej Meszaros (Healthy)
Blues
5 vs 5 Forward
Center Left Wing Right Wing Time % Phy DF OF
1 Nicklas Backstrom David Perron Marian Hossa 40 1 2 2
2 Travis Zajac Ted Purcell Blake Wheeler 30 1 2 2
3 Logan Couture Linus Omark Sergei Shirokov 20 1 2 2
4 Tomas Plekanec Derek Boogaard Patrick Kaleta 10 1 2 2
5 vs 5 Defense
Defense Defense Time % Phy DF OF
1 Alex Pietrangelo Bryce Lampman 40 1 2 2
2 Jake Gardiner Victor Hedman 30 1 2 2
3 Shaone Morrisonn Yann Sauvé 20 1 2 2
4 Jake Gardiner Yann Sauvé 10 1 2 2
PowerPlay Forward
Center Left Wing Right Wing Time % Phy DF OF
1 Nicklas Backstrom David Perron Marian Hossa 60 1 2 2
2 Travis Zajac Ted Purcell Sergei Shirokov 40 1 2 2
PowerPlay Defense
Defense Defense Time % Phy DF OF
1 Jake Gardiner Alex Pietrangelo 60 1 2 2
2 Victor Hedman Bryce Lampman 40 1 2 2
Penalty Kill 4 Players Forward
Center Wing Time % Phy DF OF
1 Travis Zajac Blake Wheeler 60 1 2 2
2 Logan Couture Patrick Kaleta 40 1 2 2
Penalty Kill 4 Players Defense
Defense Defense Time % Phy DF OF
1 Shaone Morrisonn Bryce Lampman 60 1 2 2
2 Yann Sauvé Jake Gardiner 40 1 2 2
Penalty Kill - 3 Players Forward
Forward Time % Phy DF OF
1 Travis Zajac 60 1 2 2
2 Tomas Plekanec 40 1 2 2
Penalty Kill - 3 Players Defense
Defense Defense Time % Phy DF OF
1 Bryce Lampman Shaone Morrisonn 60 1 2 2
2 Alex Pietrangelo Jake Gardiner 40 1 2 2
4 vs 4 Forward
Center Wing Time % Phy DF OF
1 Travis Zajac Sergei Shirokov 60 1 2 2
2 Nicklas Backstrom Linus Omark 40 1 2 2
4 vs 4 Defense
Defense Defense Time % Phy DF OF
1 Victor Hedman Alex Pietrangelo 60 1 2 2
2 Bryce Lampman Jake Gardiner 40 1 2 2
Last Minutes Offensive
Center Left Wing Right Wing Defense Defense
Nicklas Backstrom David Perron Marian Hossa Jake Gardiner Alex Pietrangelo
Last Minutes Defensive
Center Left Wing Right Wing Defense Defense
Travis Zajac Ted Purcell Patrick Kaleta Bryce Lampman Yann Sauvé
Goaltenders
Starting : Carey Price
Backup : Ray Emery
Extra Forwards
Normal : Patrick Kaleta, Logan Couture, David Perron - PP : Sergei Shirokov, Tomas Plekanec - PK : Nicklas Backstrom
Extra Defensemen
Normal : Jake Gardiner, Yann Sauvé, Victor Hedman - PP : Shaone Morrisonn - PK : Alex Pietrangelo, Victor Hedman
Penalty Shots
David Perron, Ted Purcell, Marian Hossa, Logan Couture, Nicklas Backstrom
Scratches
Marcel Hossa (Healthy), Rickard Wallin (Healthy)
% Time on Ice - Predators
Lines # - Real PCT - Wanted PCT - Time Play
Normal Forward
1 - 33% - 40% - 14:38
2 - 28% - 30% - 12:25
3 - 22% - 20% - 9:57
4 - 17% - 10% - 7:50
Normal Defense
1 - 37% - 40% - 16:45
2 - 35% - 30% - 15:35
3 - 18% - 20% - 8:02
4 - 10% - 10% - 4:28
PP Forward
1 - 57% - 60% - 5:11
2 - 43% - 40% - 3:58
PP Defense
1 - 60% - 60% - 5:29
2 - 40% - 40% - 3:40
PK Forward
1 - 77% - 60% - 4:03
2 - 23% - 40% - 1:12
PK Defense
1 - 65% - 60% - 3:26
2 - 35% - 40% - 1:49
PK3 Forward
1 - 0% - 60%
2 - 0% - 40%
PK3 Defense
1 - 0% - 60%
2 - 0% - 40%
44 Forward
1 - 75% - 60% - 4:21
2 - 25% - 40% - 1:25
44 Defense
1 - 49% - 60% - 2:49
2 - 51% - 40% - 2:57
Last Minute Offensive - 0:00
Last Minute Defensive - 0:00
Total
Forward - 65:00
Defense - 65:00
|
% Time on Ice - Blues
Lines # - Real PCT - Wanted PCT - Time Play
Normal Forward
1 - 35% - 40% - 15:54
2 - 28% - 30% - 12:42
3 - 21% - 20% - 9:13
4 - 16% - 10% - 7:01
Normal Defense
1 - 42% - 40% - 18:58
2 - 32% - 30% - 14:20
3 - 20% - 20% - 8:56
4 - 6% - 10% - 2:36
PP Forward
1 - 63% - 60% - 3:17
2 - 37% - 40% - 1:58
PP Defense
1 - 66% - 60% - 3:29
2 - 34% - 40% - 1:46
PK Forward
1 - 70% - 60% - 6:26
2 - 30% - 40% - 2:43
PK Defense
1 - 59% - 60% - 5:26
2 - 41% - 40% - 3:43
PK3 Forward
1 - 0% - 60%
2 - 0% - 40%
PK3 Defense
1 - 0% - 60%
2 - 0% - 40%
44 Forward
1 - 77% - 60% - 4:27
2 - 23% - 40% - 1:19
44 Defense
1 - 58% - 60% - 3:21
2 - 42% - 40% - 2:25
Last Minute Offensive - 0:00
Last Minute Defensive - 0:00
Total
Forward - 65:00
Defense - 65:00
|
Play by Play
1st period
0:01 of 1st period - Alexander Ovechkin wins face-off versus Nicklas Backstrom in neutral zone.
0:10 of 1st period - Alexander Ovechkin is hit by Nicklas Backstrom and loses puck.
0:38 of 1st period - Snap shot by Byron Bitz.
0:38 of 1st period - Shot Misses the Net.
0:56 of 1st period - Andy Miele is hit by Sergei Shirokov and loses puck.
1:54 of 1st period - Off-side.
1:55 of 1st period - Nicklas Backstrom wins face-off versus Mikael Granlund in neutral zone.
2:12 of 1st period - Slapshot by David Perron.
2:12 of 1st period - Shot Misses the Net.
2:26 of 1st period - Snap shot by David Perron.
2:26 of 1st period - Stopped by Viktor Fasth with a rebound.
2:28 of 1st period - Snap shot by Yann Sauvé.
2:28 of 1st period - Stopped by Viktor Fasth without a rebound.
2:29 of 1st period - Alexander Ovechkin wins face-off versus Logan Couture in Predators zone.
2:34 of 1st period - Snap shot by Niclas Bergfors.
2:34 of 1st period - Shot Blocked by Logan Couture.
3:38 of 1st period - Byron Bitz is hit by Nicklas Backstrom and loses puck.
4:53 of 1st period - Yann Sauvé is hit by Dmitri Kalinin and loses puck.
4:57 of 1st period - Icing by Yann Sauvé.
4:58 of 1st period - Travis Zajac wins face-off versus Ryan Kesler in Blues zone.
5:03 of 1st period - Wrist shot by Alex Pietrangelo.
5:03 of 1st period - Stopped by Viktor Fasth with a rebound.
6:47 of 1st period - Wrist shot by Alexander Ovechkin.
6:47 of 1st period - Stopped by Carey Price with a rebound.
6:57 of 1st period - Slapshot by Alex Pietrangelo.
6:57 of 1st period - Stopped by Viktor Fasth with a rebound.
7:39 of 1st period - Snap shot by Adam Burish.
7:39 of 1st period - Stopped by Carey Price with a rebound.
7:41 of 1st period - Backhand shot by Alexander Edler.
7:41 of 1st period - Deflect By Kris Vernarsky.
7:41 of 1st period - Shot Misses the Net.
7:41 of 1st period - Puck is out of play.
7:42 of 1st period - Kris Vernarsky wins face-off versus Travis Zajac in Blues zone.
8:56 of 1st period - Jake Gardiner is hit by James Van Riemsdyk and loses puck.
9:17 of 1st period - Slapshot by Alexander Edler.
9:17 of 1st period - Stopped by Carey Price with a rebound.
9:19 of 1st period - Slapshot by Ryan Mcdonagh.
9:19 of 1st period - Shot Blocked by Ted Purcell.
9:39 of 1st period - Victor Hedman is hit by Barret Jackman and loses puck.
9:56 of 1st period - Slapshot by Victor Hedman.
9:56 of 1st period - Shot Blocked by Mikael Granlund.
10:02 of 1st period - Jake Gardiner is hit by Brett Clark.
10:31 of 1st period - Off-side.
10:32 of 1st period - Nicklas Backstrom wins face-off versus Ryan Kesler in neutral zone.
10:43 of 1st period - Wrist shot by David Perron.
10:43 of 1st period - Shot Misses the Net.
10:45 of 1st period - Slapshot by Bryce Lampman.
10:45 of 1st period - Stopped by Viktor Fasth with a rebound.
10:59 of 1st period - Ryan Mcdonagh is hit by Linus Omark.
11:03 of 1st period - Byron Bitz is hit by Sergei Shirokov and loses puck.
11:47 of 1st period - Bryce Lampman is hit by Alexander Ovechkin and loses puck.
12:01 of 1st period - Icing by Niclas Bergfors.
12:02 of 1st period - Logan Couture wins face-off versus Kris Vernarsky in Predators zone.
12:27 of 1st period - John Moore is hit by Nicklas Backstrom and loses puck.
12:38 of 1st period - Wrist shot by Nicklas Backstrom.
12:38 of 1st period - Shot Blocked by Dmitri Kalinin.
12:52 of 1st period - Wrist shot by Ryan Kesler.
12:52 of 1st period - Stopped by Carey Price with a rebound.
12:54 of 1st period - Slapshot by Dmitri Kalinin.
12:54 of 1st period - Deflect By Ryan Kesler.
12:54 of 1st period - Shot Blocked by Bryce Lampman.
12:54 of 1st period - Puck is out of play.
12:55 of 1st period - Nicklas Backstrom wins face-off versus Ryan Kesler in Blues zone.
13:08 of 1st period - Snap shot by Alexander Ovechkin.
13:08 of 1st period - Shot Misses the Net.
13:10 of 1st period - Wrist shot by Alexander Ovechkin.
13:10 of 1st period - Stopped by Carey Price without a rebound.
13:11 of 1st period - Travis Zajac wins face-off versus Alexander Steen in Blues zone.
13:42 of 1st period - Icing by Alex Pietrangelo.
13:43 of 1st period - Nicklas Backstrom wins face-off versus Ryan Kesler in Blues zone.
13:54 of 1st period - Slapshot by Alex Pietrangelo.
13:54 of 1st period - Deflect By Nicklas Backstrom.
13:54 of 1st period - Shot Misses the Net.
13:54 of 1st period - Puck is out of play.
13:55 of 1st period - Nicklas Backstrom wins face-off versus Ryan Kesler in Predators zone.
13:56 of 1st period - Snap shot by David Perron.
13:56 of 1st period - Stopped by Viktor Fasth without a rebound.
13:57 of 1st period - Nicklas Backstrom wins face-off versus Ryan Kesler in Predators zone.
14:21 of 1st period - Icing by Jake Gardiner.
14:22 of 1st period - Mikael Granlund wins face-off versus Nicklas Backstrom in Blues zone.
14:23 of 1st period - Snap shot by Byron Bitz.
14:23 of 1st period - Stopped by Carey Price with a rebound.
14:25 of 1st period - Slapshot by Alexander Edler.
14:25 of 1st period - Deflect By Byron Bitz.
14:25 of 1st period - Stopped by Carey Price without a rebound.
14:26 of 1st period - Mikael Granlund wins face-off versus Nicklas Backstrom in Blues zone.
14:41 of 1st period - Slapshot by Alexander Edler.
14:41 of 1st period - Shot Misses the Net.
15:01 of 1st period - Slapshot by Alex Pietrangelo.
15:01 of 1st period - Shot Misses the Net.
15:46 of 1st period - Wrist shot by Andy Miele.
15:46 of 1st period - Shot Blocked by Sergei Shirokov.
15:48 of 1st period - Slapshot by Ryan Mcdonagh.
15:48 of 1st period - Stopped by Carey Price without a rebound.
15:49 of 1st period - Nicklas Backstrom wins face-off versus Ryan Kesler in Blues zone.
15:55 of 1st period - Off-side.
15:56 of 1st period - Ryan Kesler wins face-off versus Nicklas Backstrom in neutral zone.
15:58 of 1st period - Off-side.
15:59 of 1st period - Nicklas Backstrom wins face-off versus Ryan Kesler in neutral zone.
16:04 of 1st period - Backhand shot by Ryan Kesler.
16:04 of 1st period - Stopped by Carey Price without a rebound.
16:05 of 1st period - Nicklas Backstrom wins face-off versus Ryan Kesler in Blues zone.
16:10 of 1st period - Wrist shot by Marian Hossa.
16:10 of 1st period - Shot Blocked by Alexander Edler.
16:17 of 1st period - Off-side.
16:18 of 1st period - Nicklas Backstrom wins face-off versus Ryan Kesler in neutral zone.
16:29 of 1st period - Snap shot by Alexander Ovechkin.
16:29 of 1st period - Deflect By Niclas Bergfors.
16:29 of 1st period - Shot Blocked by Alex Pietrangelo.
16:29 of 1st period - Puck is out of play.
16:30 of 1st period - Niclas Bergfors wins face-off versus Nicklas Backstrom in Blues zone.
17:51 of 1st period - Snap shot by Linus Omark.
17:51 of 1st period - Shot Misses the Net.
18:25 of 1st period - Slapshot by Ryan Mcdonagh.
18:25 of 1st period - Shot Blocked by Victor Hedman.
18:27 of 1st period - Snap shot by Niclas Bergfors.
18:27 of 1st period - Shot Misses the Net.
18:29 of 1st period - Wrist shot by Alexander Ovechkin.
18:29 of 1st period - Stopped by Carey Price with a rebound.
18:57 of 1st period - Slapshot by Derek Boogaard.
18:57 of 1st period - Deflect By Tomas Plekanec.
18:57 of 1st period - Shot Blocked by John Moore.
18:57 of 1st period - Puck is out of play.
18:58 of 1st period - Andy Miele wins face-off versus Marian Hossa in Predators zone.
19:19 of 1st period - Snap shot by James Van Riemsdyk.
19:19 of 1st period - Shot Blocked by Marian Hossa.
19:21 of 1st period - Snap shot by Andy Miele.
19:21 of 1st period - Stopped by Carey Price without a rebound.
19:22 of 1st period - Travis Zajac wins face-off versus Ryan Kesler in Blues zone.
19:29 of 1st period - Slapshot by Alex Pietrangelo.
19:29 of 1st period - Shot Blocked by John Moore.
19:49 of 1st period - Bryce Lampman is hit by Kris Vernarsky and loses puck.
19:58 of 1st period - Snap shot by Chris Lawrence.
19:58 of 1st period - Stopped by Carey Price with a rebound.
Goals for this period are 0 for Predators vs 0 for Blues.
Shots for this period are 12 for Predators vs 6 for Blues.
2nd period
0:01 of 2nd period - Ryan Kesler wins face-off versus Nicklas Backstrom in neutral zone.
0:30 of 2nd period - Snap shot by Blake Wheeler.
0:30 of 2nd period - Shot Misses the Net.
0:34 of 2nd period - Snap shot by Travis Zajac.
0:34 of 2nd period - Deflect By Ted Purcell.
0:34 of 2nd period - Deflect By Adam Burish.
0:34 of 2nd period - Shot Misses the Net.
0:34 of 2nd period - Puck is out of play.
0:35 of 2nd period - Mikael Granlund wins face-off versus Nicklas Backstrom in Predators zone.
0:37 of 2nd period - Minor Penalty to Alexander Steen for Interference.
0:38 of 2nd period - Nicklas Backstrom wins face-off versus Ryan Kesler in Predators zone.
0:44 of 2nd period - Snap shot by David Perron.
0:44 of 2nd period - Deflect By Nicklas Backstrom.
0:44 of 2nd period - Stopped by Viktor Fasth without a rebound.
0:45 of 2nd period - Marian Hossa wins face-off versus Ryan Kesler in Predators zone.
1:32 of 2nd period - Brett Clark is hit by David Perron and loses puck.
2:09 of 2nd period - Snap shot by Nicklas Backstrom.
2:09 of 2nd period - Shot Misses the Net.
2:11 of 2nd period - Snap shot by Alex Pietrangelo.
2:11 of 2nd period - Stopped by Viktor Fasth without a rebound.
2:12 of 2nd period - Ryan Kesler wins face-off versus Travis Zajac in Predators zone.
2:27 of 2nd period - Slapshot by Victor Hedman.
2:27 of 2nd period - Shot Blocked by Alexander Edler.
2:29 of 2nd period - Wrist shot by Sergei Shirokov.
2:29 of 2nd period - Goal by Sergei Shirokov - Predators : 0 - Blues : 1.
2:30 of 2nd period - Ryan Kesler wins face-off versus Travis Zajac in neutral zone.
3:11 of 2nd period - Bryce Lampman is hit by Ryan Mcdonagh and loses puck.
4:08 of 2nd period - Wrist shot by Marian Hossa.
4:08 of 2nd period - Stopped by Viktor Fasth with a rebound.
4:48 of 2nd period - Minor Penalty to Linus Omark for Interference.
4:49 of 2nd period - Mikael Granlund wins face-off versus Travis Zajac in Blues zone.
5:51 of 2nd period - Backhand shot by Ryan Kesler.
5:51 of 2nd period - Deflect By Byron Bitz.
5:51 of 2nd period - Shot Blocked by Jake Gardiner.
5:51 of 2nd period - Puck is out of play.
5:52 of 2nd period - Mikael Granlund wins face-off versus Travis Zajac in Blues zone.
6:01 of 2nd period - Wrist shot by Niclas Bergfors.
6:01 of 2nd period - Stopped by Carey Price without a rebound.
6:02 of 2nd period - Niclas Bergfors wins face-off versus Travis Zajac in Blues zone.
6:21 of 2nd period - Wrist shot by Alexander Ovechkin.
6:21 of 2nd period - Stopped by Carey Price without a rebound.
6:22 of 2nd period - Travis Zajac wins face-off versus Ryan Kesler in Blues zone.
6:48 of 2nd period - Penalty to Linus Omark is over, Linus Omark is back on ice.
6:55 of 2nd period - Backhand shot by Linus Omark.
6:55 of 2nd period - Goal by Linus Omark - Predators : 0 - Blues : 2.
6:56 of 2nd period - Nicklas Backstrom wins face-off versus Ryan Kesler in neutral zone.
7:03 of 2nd period - Snap shot by Ryan Kesler.
7:03 of 2nd period - Shot Misses the Net.
7:09 of 2nd period - Backhand shot by Nicklas Backstrom.
7:09 of 2nd period - Shot Hit the Post.
7:53 of 2nd period - Minor Penalty to John Moore for Tripping.
7:54 of 2nd period - Nicklas Backstrom wins face-off versus Ryan Kesler in Predators zone.
7:54 of 2nd period - Snap shot by David Perron.
7:54 of 2nd period - Stopped by Viktor Fasth without a rebound.
7:55 of 2nd period - Nicklas Backstrom wins face-off versus Ryan Kesler in Predators zone.
8:04 of 2nd period - Slapshot by Nicklas Backstrom.
8:04 of 2nd period - Goal by Nicklas Backstrom - Predators : 0 - Blues : 3.
8:05 of 2nd period - Nicklas Backstrom wins face-off versus Ryan Kesler in neutral zone.
8:16 of 2nd period - Wrist shot by David Perron.
8:16 of 2nd period - Shot Misses the Net.
8:18 of 2nd period - Snap shot by Nicklas Backstrom.
8:18 of 2nd period - Shot Blocked by Ryan Mcdonagh.
8:20 of 2nd period - Slapshot by Bryce Lampman.
8:20 of 2nd period - Deflect By Nicklas Backstrom.
8:20 of 2nd period - Stopped by Viktor Fasth with a rebound.
8:22 of 2nd period - Wrist shot by Marian Hossa.
8:22 of 2nd period - Shot Misses the Net.
8:39 of 2nd period - Slapshot by Ted Purcell.
8:39 of 2nd period - Deflect By Dmitri Kalinin.
8:39 of 2nd period - Stopped by Viktor Fasth without a rebound.
8:40 of 2nd period - Travis Zajac wins face-off versus Mikael Granlund in Predators zone.
8:51 of 2nd period - Snap shot by Ted Purcell.
8:51 of 2nd period - Stopped by Viktor Fasth without a rebound.
8:52 of 2nd period - Nicklas Backstrom wins face-off versus Ryan Kesler in Predators zone.
9:07 of 2nd period - Snap shot by Alexander Ovechkin.
9:07 of 2nd period - Goal by Alexander Ovechkin - Predators : 1 - Blues : 3.
9:08 of 2nd period - Ryan Kesler wins face-off versus Nicklas Backstrom in neutral zone.
9:35 of 2nd period - Blake Wheeler is hit by Alexander Steen and loses puck.
9:44 of 2nd period - Wrist shot by Mikael Granlund.
9:44 of 2nd period - Stopped by Carey Price without a rebound.
9:45 of 2nd period - Logan Couture wins face-off versus Ryan Kesler in Blues zone.
9:45 of 2nd period - Logan Couture is hit by Niclas Bergfors.
10:35 of 2nd period - Snap shot by Ted Purcell.
10:35 of 2nd period - Shot Misses the Net.
10:53 of 2nd period - Slapshot by Ryan Mcdonagh.
10:53 of 2nd period - Deflect By Justin Abdelkader.
10:53 of 2nd period - Shot Misses the Net.
10:53 of 2nd period - Puck is out of play.
10:54 of 2nd period - Kris Vernarsky wins face-off versus Tomas Plekanec in Blues zone.
10:59 of 2nd period - Wrist shot by Kris Vernarsky.
10:59 of 2nd period - Shot Blocked by Tomas Plekanec.
11:07 of 2nd period - Snap shot by Justin Abdelkader.
11:07 of 2nd period - Shot Misses the Net.
11:09 of 2nd period - Wrist shot by Ryan Mcdonagh.
11:09 of 2nd period - Deflect By Alex Pietrangelo.
11:09 of 2nd period - Stopped by Carey Price without a rebound.
11:10 of 2nd period - Ryan Kesler wins face-off versus Nicklas Backstrom in Blues zone.
11:15 of 2nd period - Snap shot by Ryan Kesler.
11:15 of 2nd period - Shot Misses the Net.
11:17 of 2nd period - Minor Penalty to Yann Sauvé for Hooking.
11:18 of 2nd period - Mikael Granlund wins face-off versus Travis Zajac in Blues zone.
11:57 of 2nd period - Alexander Edler is hit by Jake Gardiner and loses puck.
13:07 of 2nd period - Alexander Ovechkin is hit by Patrick Kaleta.
13:17 of 2nd period - Penalty to Yann Sauvé is over, Yann Sauvé is back on ice.
13:25 of 2nd period - Ryan Mcdonagh is hit by Nicklas Backstrom and loses puck.
14:28 of 2nd period - John Moore is hit by Derek Boogaard and loses puck.
14:51 of 2nd period - Niclas Bergfors is hit by Blake Wheeler and loses puck.
15:03 of 2nd period - Icing by Alexander Ovechkin.
15:04 of 2nd period - Ryan Kesler wins face-off versus Sergei Shirokov in Predators zone.
15:40 of 2nd period - Icing by James Van Riemsdyk.
15:41 of 2nd period - Andy Miele wins face-off versus Travis Zajac in Predators zone.
15:41 of 2nd period - Andy Miele is hit by Blake Wheeler.
15:52 of 2nd period - Wrist shot by Adam Burish.
15:52 of 2nd period - Stopped by Carey Price with a rebound.
15:54 of 2nd period - Slapshot by Andy Miele.
15:54 of 2nd period - Stopped by Carey Price without a rebound.
15:55 of 2nd period - Ryan Kesler wins face-off versus Nicklas Backstrom in Blues zone.
15:58 of 2nd period - Backhand shot by Alexander Ovechkin.
15:58 of 2nd period - Shot Blocked by Nicklas Backstrom.
16:46 of 2nd period - Andy Miele is hit by Marian Hossa and loses puck.
17:03 of 2nd period - Slapshot by Nicklas Backstrom.
17:03 of 2nd period - Shot Blocked by James Van Riemsdyk.
17:05 of 2nd period - Wrist shot by Shaone Morrisonn.
17:05 of 2nd period - Deflect By James Van Riemsdyk.
17:05 of 2nd period - Stopped by Viktor Fasth without a rebound.
17:06 of 2nd period - Ryan Kesler wins face-off versus Travis Zajac in Predators zone.
17:06 of 2nd period - Ryan Kesler is hit by Bryce Lampman.
17:16 of 2nd period - Snap shot by Travis Zajac.
17:16 of 2nd period - Shot Misses the Net.
17:18 of 2nd period - Slapshot by Blake Wheeler.
17:18 of 2nd period - Stopped by Viktor Fasth without a rebound.
17:19 of 2nd period - Travis Zajac wins face-off versus Ryan Kesler in Predators zone.
17:19 of 2nd period - Alex Pietrangelo is hit by Ryan Mcdonagh and loses puck.
17:28 of 2nd period - Wrist shot by Blake Wheeler.
17:28 of 2nd period - Stopped by Viktor Fasth without a rebound.
17:29 of 2nd period - Travis Zajac wins face-off versus Ryan Kesler in Predators zone.
17:32 of 2nd period - Wrist shot by Ted Purcell.
17:32 of 2nd period - Shot Blocked by Ryan Mcdonagh.
17:34 of 2nd period - Wrist shot by Travis Zajac.
17:34 of 2nd period - Shot Misses the Net.
17:46 of 2nd period - Backhand shot by Blake Wheeler.
17:46 of 2nd period - Shot Misses the Net.
17:48 of 2nd period - Slapshot by Alex Pietrangelo.
17:48 of 2nd period - Stopped by Viktor Fasth without a rebound.
17:49 of 2nd period - Nicklas Backstrom wins face-off versus Mikael Granlund in Predators zone.
17:54 of 2nd period - Snap shot by Nicklas Backstrom.
17:54 of 2nd period - Stopped by Viktor Fasth without a rebound.
17:55 of 2nd period - Nicklas Backstrom wins face-off versus Mikael Granlund in Predators zone.
17:56 of 2nd period - Wrist shot by David Perron.
17:56 of 2nd period - Stopped by Viktor Fasth without a rebound.
17:57 of 2nd period - Nicklas Backstrom wins face-off versus Mikael Granlund in Predators zone.
18:07 of 2nd period - Minor Penalty to Alexander Steen for Hooking.
18:08 of 2nd period - Nicklas Backstrom wins face-off versus Ryan Kesler in Predators zone.
18:16 of 2nd period - Backhand shot by Alex Pietrangelo.
18:16 of 2nd period - Shot Blocked by Ryan Kesler.
18:18 of 2nd period - Wrist shot by Alex Pietrangelo.
18:18 of 2nd period - Stopped by Viktor Fasth with a rebound.
18:20 of 2nd period - Slapshot by Nicklas Backstrom.
18:20 of 2nd period - Shot Misses the Net.
18:22 of 2nd period - Snap shot by Alex Pietrangelo.
18:22 of 2nd period - Deflect By Ryan Mcdonagh.
18:22 of 2nd period - Stopped by Viktor Fasth with a rebound.
18:24 of 2nd period - Backhand shot by Jake Gardiner.
18:24 of 2nd period - Shot Blocked by Ryan Mcdonagh.
18:42 of 2nd period - Wrist shot by Ted Purcell.
18:42 of 2nd period - Stopped by Viktor Fasth without a rebound.
18:43 of 2nd period - Travis Zajac wins face-off versus Ryan Kesler in Predators zone.
18:44 of 2nd period - Snap shot by Ted Purcell.
18:44 of 2nd period - Shot Misses the Net.
19:54 of 2nd period - Icing by David Perron.
19:55 of 2nd period - Andy Miele wins face-off versus Nicklas Backstrom in Blues zone.
Goals for this period are 1 for Predators vs 3 for Blues.
Shots for this period are 7 for Predators vs 19 for Blues.
3rd period
0:01 of 3rd period - Ryan Kesler wins face-off versus Nicklas Backstrom in neutral zone.
0:06 of 3rd period - Slapshot by Alexander Edler.
0:06 of 3rd period - Stopped by Carey Price without a rebound.
0:07 of 3rd period - Penalty to Alexander Steen is over, Alexander Steen is back on ice.
0:07 of 3rd period - Nicklas Backstrom wins face-off versus Ryan Kesler in Blues zone.
0:07 of 3rd period - Nicklas Backstrom is hit by Ryan Kesler.
0:33 of 3rd period - Snap shot by Andy Miele.
0:33 of 3rd period - Shot Misses the Net.
0:59 of 3rd period - Snap shot by Tomas Plekanec.
0:59 of 3rd period - Deflect By Alexander Edler.
0:59 of 3rd period - Shot Blocked by Ryan Mcdonagh.
0:59 of 3rd period - Puck is out of play.
1:00 of 3rd period - Tomas Plekanec wins face-off versus Kris Vernarsky in Predators zone.
1:11 of 3rd period - Snap shot by Justin Abdelkader.
1:11 of 3rd period - Shot Misses the Net.
1:27 of 3rd period - John Moore is hit by Yann Sauvé and loses puck.
2:33 of 3rd period - Backhand shot by Justin Abdelkader.
2:33 of 3rd period - Stopped by Carey Price with a rebound.
2:50 of 3rd period - Snap shot by Justin Abdelkader.
2:50 of 3rd period - Stopped by Carey Price without a rebound.
2:51 of 3rd period - Nicklas Backstrom wins face-off versus Ryan Kesler in Blues zone.
3:49 of 3rd period - Icing by Brett Clark.
3:50 of 3rd period - Andy Miele wins face-off versus Nicklas Backstrom in Predators zone.
3:50 of 3rd period - Andy Miele is hit by Bryce Lampman.
4:30 of 3rd period - Snap shot by Alexander Ovechkin.
4:30 of 3rd period - Deflect By Ted Purcell.
4:30 of 3rd period - Stopped by Carey Price with a rebound.
4:48 of 3rd period - Slapshot by Sergei Shirokov.
4:48 of 3rd period - Stopped by Viktor Fasth without a rebound.
4:49 of 3rd period - Niclas Bergfors wins face-off versus Nicklas Backstrom in Predators zone.
4:51 of 3rd period - Minor Penalty to Ryan Kesler for Hooking.
4:52 of 3rd period - Nicklas Backstrom wins face-off versus Adam Burish in Predators zone.
5:18 of 3rd period - Alexander Edler is hit by Ted Purcell and loses puck.
5:39 of 3rd period - Snap shot by Byron Bitz.
5:39 of 3rd period - Shot Misses the Net.
5:41 of 3rd period - Wrist shot by Alexander Edler.
5:41 of 3rd period - Shot Blocked by Bryce Lampman.
5:43 of 3rd period - Slapshot by Ryan Mcdonagh.
5:43 of 3rd period - Shot Blocked by Sergei Shirokov.
5:53 of 3rd period - Slapshot by Alexander Edler.
5:53 of 3rd period - Stopped by Carey Price with a rebound.
5:59 of 3rd period - Wrist shot by Adam Burish.
5:59 of 3rd period - Stopped by Carey Price without a rebound.
6:00 of 3rd period - Mikael Granlund wins face-off versus Nicklas Backstrom in Blues zone.
6:04 of 3rd period - Minor Penalty to Marian Hossa for Goalie Interference.
6:05 of 3rd period - Alexander Ovechkin wins face-off versus Travis Zajac in Blues zone.
6:43 of 3rd period - Slapshot by Victor Hedman.
6:43 of 3rd period - Shot Misses the Net.
6:51 of 3rd period - Penalty to Ryan Kesler is over, Ryan Kesler is back on ice.
8:04 of 3rd period - Penalty to Marian Hossa is over, Marian Hossa is back on ice.
8:14 of 3rd period - Snap shot by Justin Abdelkader.
8:14 of 3rd period - Stopped by Carey Price with a rebound.
8:26 of 3rd period - Derek Boogaard is hit by Mikael Granlund and loses puck.
8:33 of 3rd period - Dmitri Kalinin is hit by Derek Boogaard and loses puck.
8:50 of 3rd period - Slapshot by Adam Burish.
8:50 of 3rd period - Shot Misses the Net.
8:52 of 3rd period - Snap shot by James Van Riemsdyk.
8:52 of 3rd period - Goal by James Van Riemsdyk - Predators : 2 - Blues : 3.
8:53 of 3rd period - Niclas Bergfors wins face-off versus David Perron in neutral zone.
9:26 of 3rd period - Snap shot by Alex Pietrangelo.
9:26 of 3rd period - Shot Blocked by Alexander Edler.
9:28 of 3rd period - Wrist shot by Ted Purcell.
9:28 of 3rd period - Blues goal is going for a video replay.
9:28 of 3rd period - The goal is refused. The referee deems the play has been stopped, even if he had not physically had the opportunity to stop play by blowing his whistle..
9:29 of 3rd period - Travis Zajac wins face-off versus Ryan Kesler in Predators zone.
9:58 of 3rd period - Ted Purcell is hit by Dmitri Kalinin and loses puck.
11:10 of 3rd period - Snap shot by Ryan Mcdonagh.
11:10 of 3rd period - Shot Misses the Net.
11:14 of 3rd period - Snap shot by Justin Abdelkader.
11:14 of 3rd period - Deflect By Chris Lawrence.
11:14 of 3rd period - Stopped by Carey Price without a rebound.
11:15 of 3rd period - Nicklas Backstrom wins face-off versus Mikael Granlund in Blues zone.
11:31 of 3rd period - Yann Sauvé is hit by Alexander Steen and loses puck.
11:52 of 3rd period - Snap shot by Sergei Shirokov.
11:52 of 3rd period - Shot Misses the Net.
11:54 of 3rd period - Slapshot by Logan Couture.
11:54 of 3rd period - Shot Blocked by Alexander Ovechkin.
11:56 of 3rd period - Snap shot by Linus Omark.
11:56 of 3rd period - Stopped by Viktor Fasth without a rebound.
11:57 of 3rd period - Andy Miele wins face-off versus Travis Zajac in Predators zone.
12:12 of 3rd period - Wrist shot by James Van Riemsdyk.
12:12 of 3rd period - Deflect By Andy Miele.
12:12 of 3rd period - Goal by Andy Miele - Predators : 3 - Blues : 3.
12:13 of 3rd period - Nicklas Backstrom wins face-off versus Ryan Kesler in neutral zone.
12:25 of 3rd period - Minor Penalty to Marian Hossa for Hooking.
12:26 of 3rd period - Travis Zajac wins face-off versus Mikael Granlund in Blues zone.
12:35 of 3rd period - Bryce Lampman is hit by Niclas Bergfors.
12:41 of 3rd period - Wrist shot by Niclas Bergfors.
12:41 of 3rd period - Shot Blocked by Travis Zajac.
12:43 of 3rd period - Slapshot by Alexander Edler.
12:43 of 3rd period - Stopped by Carey Price with a rebound.
13:46 of 3rd period - Alexander Edler is hit by Patrick Kaleta and loses puck.
13:58 of 3rd period - Icing by Alexander Edler.
13:59 of 3rd period - Nicklas Backstrom wins face-off versus Ryan Kesler in Predators zone.
14:06 of 3rd period - Wrist shot by Nicklas Backstrom.
14:06 of 3rd period - Shot Blocked by Dmitri Kalinin.
14:08 of 3rd period - Slapshot by Yann Sauvé.
14:08 of 3rd period - Shot Blocked by John Moore.
14:10 of 3rd period - Snap shot by Nicklas Backstrom.
14:10 of 3rd period - Shot Misses the Net.
14:12 of 3rd period - Snap shot by Nicklas Backstrom.
14:12 of 3rd period - Stopped by Viktor Fasth with a rebound.
14:25 of 3rd period - Penalty to Marian Hossa is over, Marian Hossa is back on ice.
14:47 of 3rd period - Jake Gardiner is hit by Brett Clark and loses puck.
15:00 of 3rd period - Adam Burish is hit by Marian Hossa and loses puck.
15:34 of 3rd period - Derek Boogaard is hit by Alexander Steen and loses puck.
15:35 of 3rd period - Derek Boogaard from Blues is injured at 15:35 of 3rd period (Sprained Right Ankle).
15:36 of 3rd period - Andy Miele wins face-off versus Logan Couture in Blues zone.
15:51 of 3rd period - Snap shot by James Van Riemsdyk.
15:51 of 3rd period - Stopped by Carey Price without a rebound.
15:52 of 3rd period - Ryan Kesler wins face-off versus Nicklas Backstrom in Blues zone.
15:58 of 3rd period - Minor Penalty to Alex Pietrangelo for Hooking.
15:59 of 3rd period - Travis Zajac wins face-off versus Mikael Granlund in Blues zone.
17:16 of 3rd period - Icing by Mikael Granlund.
17:17 of 3rd period - Nicklas Backstrom wins face-off versus Mikael Granlund in Predators zone.
17:58 of 3rd period - Penalty to Alex Pietrangelo is over, Alex Pietrangelo is back on ice.
18:36 of 3rd period - Barret Jackman is hit by Sergei Shirokov and loses puck.
18:50 of 3rd period - Off-side.
18:51 of 3rd period - Ryan Kesler wins face-off versus Travis Zajac in neutral zone.
18:54 of 3rd period - Wrist shot by John Moore.
18:54 of 3rd period - Shot Misses the Net.
19:00 of 3rd period - Snap shot by Alex Pietrangelo.
19:00 of 3rd period - Stopped by Viktor Fasth without a rebound.
19:01 of 3rd period - Logan Couture wins face-off versus Andy Miele in Predators zone.
19:35 of 3rd period - Wrist shot by Ted Purcell.
19:35 of 3rd period - Stopped by Viktor Fasth without a rebound.
19:36 of 3rd period - Andy Miele wins face-off versus Travis Zajac in Predators zone.
Goals for this period are 2 for Predators vs 0 for Blues.
Shots for this period are 12 for Predators vs 6 for Blues.
Overtime #1
0:01 of 1st overtime period - Alexander Ovechkin wins face-off versus Travis Zajac in neutral zone.
0:16 of 1st overtime period - Wrist shot by Alexander Ovechkin.
0:16 of 1st overtime period - Stopped by Carey Price without a rebound.
0:17 of 1st overtime period - Alexander Ovechkin wins face-off versus Travis Zajac in Blues zone.
1:40 of 1st overtime period - Snap shot by Alex Pietrangelo.
1:40 of 1st overtime period - Deflect By James Van Riemsdyk.
1:40 of 1st overtime period - Stopped by Viktor Fasth with a rebound.
1:42 of 1st overtime period - Wrist shot by Linus Omark.
1:42 of 1st overtime period - Stopped by Viktor Fasth with a rebound.
2:00 of 1st overtime period - Patrick Kaleta is hit by Ryan Kesler and loses puck.
2:33 of 1st overtime period - Logan Couture is hit by Adam Burish and loses puck.
2:43 of 1st overtime period - Icing by David Perron.
2:44 of 1st overtime period - Patrick Kaleta wins face-off versus Justin Abdelkader in Blues zone.
2:50 of 1st overtime period - Icing by Alexander Edler.
2:51 of 1st overtime period - Alexander Ovechkin wins face-off versus Patrick Kaleta in Predators zone.
3:02 of 1st overtime period - Victor Hedman is hit by Dmitri Kalinin and loses puck.
3:47 of 1st overtime period - Byron Bitz is hit by Linus Omark.
3:48 of 1st overtime period - Icing by Byron Bitz.
3:49 of 1st overtime period - Ryan Kesler wins face-off versus Nicklas Backstrom in Predators zone.
4:17 of 1st overtime period - Wrist shot by Travis Zajac.
4:17 of 1st overtime period - Stopped by Viktor Fasth without a rebound.
4:18 of 1st overtime period - Alexander Ovechkin wins face-off versus Travis Zajac in Predators zone.
4:46 of 1st overtime period - Travis Zajac is hit by Niclas Bergfors and loses puck.
Goals for this period are 0 for Predators vs 0 for Blues.
Shots for this period are 1 for Predators vs 3 for Blues.
ShootOut
5:00 of 1st overtime period - Penalty Shot by Alexander Ovechkin for Predators.
5:00 of 1st overtime period - Snap shot by Alexander Ovechkin.
5:00 of 1st overtime period - Stopped by Carey Price.
5:00 of 1st overtime period - Penalty Shot by David Perron for Blues.
5:00 of 1st overtime period - Snap shot by David Perron.
5:00 of 1st overtime period - Stopped by Viktor Fasth.
5:00 of 1st overtime period - Penalty Shot by Ryan Kesler for Predators.
5:00 of 1st overtime period - Snap shot by Ryan Kesler.
5:00 of 1st overtime period - Goal by Ryan Kesler.
5:00 of 1st overtime period - Penalty Shot by Ted Purcell for Blues.
5:00 of 1st overtime period - Wrist shot by Ted Purcell.
5:00 of 1st overtime period - Stopped by Viktor Fasth.
5:00 of 1st overtime period - Penalty Shot by Niclas Bergfors for Predators.
5:00 of 1st overtime period - Wrist shot by Niclas Bergfors.
5:00 of 1st overtime period - Stopped by Carey Price.
5:00 of 1st overtime period - Penalty Shot by Marian Hossa for Blues.
5:00 of 1st overtime period - Wrist shot by Marian Hossa.
5:00 of 1st overtime period - Stopped by Viktor Fasth.
Back to the Top